 Dungeon Crawl Stone Soup version 0.21.0-25-ge575cb9ce8 (webtiles) character file.

2121 Minato the Carver (level 9, -1/108 HPs)
             Began as a Human Berserker on Jan 25, 2018.
             Was an Elder of Trog.
             Slain by a two-headed ogre
             ... wielding a +0 giant spiked club
              (19 damage)
             ... on level 6 of the Dungeon.
             The game lasted 00:29:54 (9825 turns).

Minato the Carver (Human Berserker)                 Turns: 9825, Time: 00:29:55

Health: -1/108     AC: 13    Str: 26    XL:     9   Next: 54%
Magic:  9/9        EV:  9    Int:  8    God:    Trog [****..]
Gold:   71         SH:  0    Dex: 12    Spells: 8/8 levels left

rFire    x . .     SeeInvis .   u - +7 rapier (freeze)
rCold    + . .     Gourm    .   (no shield)
rNeg     . . .     Faith    .   v - +0 chain mail
rPois    .         Spirit   .   (no helmet)
rElec    .         Reflect  .   o - +0 cloak {MR+}
rCorr    .         Harm     +   x - +0 pair of gloves
MR       ++...                  (no boots)
Stlth    ..........             j - amulet of harm
HPRegen  0.28/turn              c - ring of protection from magic
MPRegen  0.11/turn              g - ring of ice

@: berserking, drained, very quick
A: no striking features
a: Berserk, Trog's Hand, Brothers in Arms, Burn Spellbooks, Renounce Religion


You were on level 6 of the Dungeon.
You worshipped Trog.
Trog was greatly pleased with you.
You were very full.

You visited 1 branch of the dungeon, and saw 6 of its levels.
You also visited: Ossuary.

You collected 274 gold pieces.
You spent 203 gold pieces at shops.

Inventory:

Hand Weapons
 n - a +2 quarterstaff of chaos
 u - a +7 rapier of freezing (weapon)
Armour
 o - a +0 cloak of magic resistance (worn)
 v - a +0 chain mail (worn)
 x - a +0 pair of gloves (worn)
Jewellery
 c - a ring of protection from magic (left hand)
 g - a ring of ice (right hand)
 j - an amulet of harm (around neck)
Wands
 h - a wand of acid (10)
Scrolls
 a - 2 scrolls of immolation
 b - 3 scrolls of teleportation
 d - 2 scrolls of magic mapping
 e - a scroll of enchant weapon
 f - a scroll of identify
 l - 2 scrolls of remove curse
 p - a scroll of enchant armour
 t - a scroll of vulnerability
Potions
 i - 2 potions of berserk rage
 k - 3 potions of curing
 m - a potion of brilliance
 q - 6 potions of agility
 r - 4 potions of resistance
 s - a potion of degeneration
 w - a potion of might


   Skills:
 + Level 7.0(6.5) Fighting
 + Level 0.6(6.1) Short Blades
   Level 10.5(9.9) Long Blades
 * Level 9.1(8.6) Armour
 - Level 2.0(1.5) Dodging
 + Level 1.5(1.0) Stealth


You had 8 spell levels left.
You didn't know any spells.

Dungeon Overview and Level Annotations

Branches:
Dungeon (6/15)             Temple (0/1) D:4

Altars:
Fedhas
Hepliaklqana
Okawaru
Sif Muna
Vehumet
Wu Jian
Zin

Shops:
D:6 (((?


Message History

A two-headed ogre comes into view.
It is wielding a giant spiked club and a giant club.
The two-headed ogre shouts in stereo!
Found a stone staircase leading up.
There is a stone staircase leading down here.
You hit the two-headed ogre. You freeze the two-headed ogre.
The two-headed ogre is lightly wounded.
The two-headed ogre hits you but does no damage.
The two-headed ogre hits you with a giant club!
You puncture the two-headed ogre! You freeze the two-headed ogre.
The two-headed ogre is severely wounded.
You barely miss the two-headed ogre.
The two-headed ogre is severely wounded.
The two-headed ogre hits you with a giant spiked club!
The two-headed ogre hits you with a giant club!
A red film seems to cover your vision as you go berserk!
You feel yourself moving faster!
You feel mighty!
You feel a lot less full.
The two-headed ogre hits you with a giant spiked club!
* * * LOW HITPOINT WARNING * * *
The two-headed ogre hits you with a giant club!
You die...

#.##......###.#######....##
#...................#.#...#
##.###....##.#.####..∩....###
#.# #......###.....#.##.....
#.###..####.#.###.....(..###
##...#.# ##.## ##.##.#..#
#####.# #.# #.##.#..#
#.#####.#####.......###
#.....@O...#####.#.....
#######......<......###
####...... ##.# .#### #


You could see a two-headed ogre.

Vanquished Creatures
  The ghost of Minato the Slasher, an amateur HuBe of Trog (D:3)
  Menkaure (D:4)
  Edmund (D:5)
  A sky beast (D:5)
  2 ogres (D:6)
  2 centaurs (D:5)
  2 water moccasin zombies (Ossuary)
  A wyvern skeleton (D:6)
  A scorpion (D:4)
  3 wights (D:6)
  A crimson imp (D:5)
  3 hounds
  A bullfrog zombie (D:5)
  3 orc wizards
  Crazy Yiuf (D:2)
  A gnoll shaman (D:6)
  A jelly (D:6)
  An iguana (D:5)
  3 worker ants
  2 big kobold zombies (Ossuary)
  2 mummies (Ossuary)
  A worker ant zombie (D:5)
  14 gnolls
  8 adders
  3 shadow imps
  2 oozes (D:5)
  6 adder zombies (Ossuary)
  3 worms
  2 dart slugs
  6 leopard geckos
  15 orcs
  6 giant cockroaches
  A gnoll zombie (Ossuary)
  6 goblins
  9 hobgoblins
  12 jackals
  A ball python (D:4)
  6 bats
  5 frilled lizards
  3 hobgoblin zombies (Ossuary)
  9 kobolds
  7 kobold zombies (Ossuary)
  4 orc zombies (Ossuary)
  8 rats
171 creatures vanquished.

Notes
Turn   | Place    | Note
-------+----------+-------------------------------------------
     0 | D:1      | Minato the Human Berserker began the quest for the Orb.
     0 | D:1      | Reached XP level 1. HP: 18/18 MP: 1/1
   162 | D:1      | Reached XP level 2. HP: 18/24 MP: 2/2
   980 | D:1      | Reached XP level 3. HP: 14/29 MP: 3/3
  1272 | D:2      | Found a glowing silver altar of Zin.
  1322 | D:2      | Reached ** piety under Trog
  1391 | D:2      | Reached skill level 4 in Long Blades
  1558 | D:2      | Reached XP level 4. HP: 29/35 MP: 4/4
  2022 | D:2      | Found a runed door.
  2381 | D:2      | Found an ornate altar of the Wu Jian Council.
  2726 | D:2      | Found a deep blue altar of Sif Muna.
  2977 | D:2      | Noticed Crazy Yiuf
  2983 | D:2      | Killed Crazy Yiuf
  2983 | D:2      | Reached XP level 5. HP: 41/41 MP: 5/5
  3139 | D:2      | Reached skill level 9 in Long Blades
  3139 | D:2      | Reached XP level 6. HP: 53/53 MP: 6/6
  3272 | D:3      | Found an iron altar of Okawaru.
  3848 | D:3      | Noticed Minato's ghost (amateur HuBe)
  3861 | D:3      | Killed Minato's ghost
  3861 | D:3      | Reached XP level 7. HP: 59/59 MP: 7/7
  3970 | D:3      | Reached *** piety under Trog
  5411 | D:4      | Found a blossoming altar of Fedhas.
  5449 | D:4      | Found a staircase to the Ecumenical Temple.
  5508 | D:4      | Noticed Menkaure
  5521 | D:4      | Killed Menkaure
  5521 | D:4      | Reached XP level 8. HP: 45/65 MP: 8/8
  6234 | D:4      | Found a radiant altar of Vehumet.
  6422 | D:5      | Entered Level 5 of the Dungeon
  6449 | D:5      | Found a sand-covered staircase.
  6459 | Ossuary  | Entered an ossuary
  7263 | D:5      | Reached skill level 10 in Long Blades
  7893 | D:5      | Noticed Edmund
  7903 | D:5      | Killed Edmund
  8372 | D:5      | Reached XP level 9. HP: 64/71 MP: 9/9
  8424 | D:5      | Reached **** piety under Trog
  8862 | D:6      | Reached skill level 1 in Stealth
  9252 | D:6      | Found Edeu's Weapon Shoppe.
  9261 | D:6      | Found Hoot's Antique Weapon Boutique.
  9275 | D:6      | Bought a runed rapier for 203 gold pieces
  9474 | D:6      | Found Naopnuet's Magic Scroll Shop.
  9519 | D:6      | Found a hazy altar of Hepliaklqana.
  9526 | D:6      | Found Lopanute's Antique Weapon Shop.
  9818 | D:6      | Noticed a two-headed ogre
  9825 | D:6      | Slain by a two-headed ogre

Skill      XL: |  1  2  3  4  5  6  7  8  9 |
---------------+----------------------------+-----
Long Blades    | 4 9 10 | 10.5
Fighting       | 6 7 |  7.0
Armour         | 8 9 |  9.1
Stealth        | 1 |  1.5
Short Blades   | |  0.6
Dodging        | |  2.0

Action                   |  1- 3 |  4- 6 |  7- 9 || total
-------------------------+-------+-------+-------++-------
Melee: Falchion          |    77 |   147 |    99 ||   323
       Long sword        |       |       |   232 ||   232
       Rapier            |       |       |    32 ||    32
Invok: Berserk           |       |     2 |     4 ||     6
  Use: Scroll            |     1 |     3 |    16 ||    20
       Potion            |       |     1 |     4 ||     5
 Stab: Distracted        |     1 |       |       ||     1
  Eat: Ration            |     3 |     4 |     7 ||    14
Armor: Animal skin       |     1 |       |       ||     1
       Ring mail         |    23 |    51 |    97 ||   171
       Chain mail        |       |       |    51 ||    51
Dodge: Dodged            |    52 |   100 |   170 ||   322
       Rpst.: Falchion   |    10 |    39 |    16 ||    65
       Long sword        |       |       |    25 ||    25
